Kradschützen Motorcycle Team
Selects Panzerjäger Kommand Battlegroup
Construct Light Support Kompanie
Construct Mechanized Kompanie
Marder III Tank Destroyer
Selects GrB 39 Grenade Launcher Requisition
254 Reconnaissance Tractor
Construct Panzerarmee Kommand
Selects Crew Shock Tactics
Selects Anti-tank Overwatch
Flak 36 Anti-tank Gun Team
Selects Butterfly Bomb Drop
Marder III Tank Destroyer
18-tonne Recovery Half-track